 Dungeon Crawl Stone Soup version 0.30.1-3-gfc49f6343a (webtiles) character file.

Game seed: 8568516439253826248

164 Gorgoleon the Slasher (level 5, -6/38 HPs)
             Began as a Human Gladiator on July 20, 2023.
             Killed by nerve-wracking pain
             ... invoked by an orc priest
              (12 damage)
             ... on level 3 of the Dungeon.
             The game lasted 00:08:12 (1378 turns).

Gorgoleon the Slasher (Human Gladiator)             Turns: 1378, Time: 00:08:12

Health: -6/38      AC:  4    Str: 13 (14) XL:     5   Next: 73%
Magic:  5/5        EV: 12    Int:  5 (8)  God:
Gold:   90         SH:  0    Dex: 16 (17) Spells: 3/4 levels left

rFire   . . .        a - +0 long sword
rCold   . . .        (no shield)
rNeg    . . .        b - +0 leather armour
rPois   .            c - +0 helmet
rElec   .            (no cloak)
rCorr   .            (no gloves)
SInv    .            (no boots)
Will    .....        g - amulet of regeneration
Stlth   +            (no ring)
HPRegen 1.06/turn    (no ring)
MPRegen 0.09/turn

%: no passive effects
@: no status effects
A: no striking features
a: no special abilities


You were on level 3 of the Dungeon.
You visited 1 branch of the dungeon, and saw 3 of its levels.

You collected 90 gold pieces.

Inventory:

Hand Weapons
 a - a +0 long sword (weapon)
Missiles
 d - 3 throwing nets
 l - 11 stones (quivered)
 m - 4 datura-tipped darts
 q - 2 silver boomerangs
 t - a javelin
Armour
 b - a +0 leather armour (worn)
 c - a +0 helmet (worn)
Jewellery
 g - an amulet of regeneration (around neck)
Wands
 e - a wand of digging (3)
Scrolls
 f - a scroll of fear {unknown}
 h - 2 scrolls of teleportation {unknown}
 k - 3 scrolls of identify {unknown}
 r - a scroll of brand weapon {unknown}
 s - a scroll of immolation {unknown}
 u - a scroll of fog {unknown}
Potions
 i - 2 potions of curing
 j - 2 potions of degeneration


   Skills:
 - Level 2.0 Fighting
 + Level 5.5 Long Blades
 - Level 2.0 Throwing
 - Level 2.0 Armour
 - Level 3.0 Dodging


You had 3 spell levels left.
You knew the following spells:

 Your Spells              Type           Power      Damage    Failure   Level
a - Necrotise             Necr           0%         1d4       56%         1

Your spell library contained the following spells:

 Spells                   Type           Power      Damage    Failure   Level
 Apportation              Tloc           0%         N/A       56%         1
 Summon Small Mammal      Summ           0%         N/A       56%         1
 Inner Flame              Hex/Fire       0%         N/A       90%         3
 Flame Wave               Conj/Fire      0%         2d4       100%        4
 Sticky Flame             Conj/Fire      0%         2d3       100%        4
 Alistair's Intoxication  Tmut/Pois      0%         N/A       100%        5
 Borgnjor's Vile Clutch   Necr/Erth      0%         N/A       100%        5
 Eringya's Noxious Bog    Tmut/Pois      0%         N/A       100%        6


Dungeon Overview and Level Annotations

Branches:
Dungeon (3/15)

Altars:

Annotations:
D:2 Sigmund


Message History

You slash something! Something hits you.
You miss something. Something completely misses you.
You feel less attractive to monsters.
You barely miss something.
You hear some strange, mumbled words.
A magic dart appears from out of thin air!
The magic dart hits you.
You miss something. Something hits you but does no damage.
You miss something. Something hits you but does no damage.
You closely miss something. Something hits you.
You hear some strange, mumbled words.
A magic dart appears from out of thin air!
The magic dart hits you.
You closely miss something.
An orc wizard appears from thin air!
Reactivating autopickup.
The orc wizard hits you with a +0 dagger.
* * * LOW HITPOINT WARNING * * *
You closely miss the orc wizard.
The orc wizard is severely wounded.
The orc wizard hits you but does no damage.
You slash the orc wizard!
You kill the orc wizard!
The orc priest mumbles some strange prayers to Beogh against you.
Beogh smites you!
* * * LOW HITPOINT WARNING * * *
You slash the orc!
You kill the orc!
You hit the orc priest but do no damage.
The orc priest closely misses you.
You slash the orc priest!
The orc priest is almost dead.
The orc priest closely misses you.
You barely miss the orc priest.
The orc priest is almost dead.
The orc priest closely misses you.
You barely miss the orc priest.
The orc priest is almost dead.
The orc priest mumbles some strange prayers to Beogh against you.
Pain shoots through your body!
You die...

#.###...# #.##....# .
#####.##.##.# ..
#...........# ...
#.####.#.#.## ....
####.##........###..##.
†.......#.#............
####.####.##...o##..##.
#... ..##..##@# #
##########§#.## ##)##
####.#### #......o#
#.##.##.# # #.##.#
).##o# #.###.#


You could see an orc priest.

Vanquished Creatures
  Natasha (thrice) (D:2 D:1)
  An orc wizard (D:3)
  3 adders (D:3)
  A worm (D:3)
  A dart slug (D:1)
  2 orcs (D:3)
  2 bats
  5 endoplasms
  2 giant cockroaches (D:1)
  2 goblins (D:1)
  3 hobgoblins (D:1)
  2 ball pythons
  8 frilled lizards
  A kobold (D:1)
  A rat (D:2)
37 creatures vanquished.

Notes
Turn   | Place    | Note
-------+----------+-------------------------------------------
     0 | D:1      | Gorgoleon the Human Gladiator began the quest for the Orb.
     0 | D:1      | Reached XP level 1. HP: 16/16 MP: 1/1
    10 | D:1      | Noticed an electric eel
   221 | D:1      | Reached XP level 2. HP: 22/22 MP: 2/2
   288 | D:1      | Reached skill level 1 in Armour
   452 | D:1      | Reached XP level 3. HP: 27/27 MP: 3/3
   631 | D:2      | Noticed Natasha
   650 | D:2      | Killed Natasha
   651 | D:2      | Reached skill level 4 in Long Blades
   651 | D:2      | Reached XP level 4. HP: 21/33 MP: 4/4
   661 | D:2      | Learned a level 1 spell: Necrotise
   703 | D:2      | Noticed Sigmund
   733 | D:2      | Noticed Natasha
   750 | D:1      | Killed Natasha
   764 | D:1      | Noticed Natasha
   776 | D:1      | Killed Natasha
   777 | D:1      | Reached XP level 5. HP: 18/38 MP: 5/5
  1224 | D:3      | Reached skill level 5 in Long Blades
  1373 | D:3      | HP: 1/38 [orc priest/divine providence (13)]
  1378 | D:3      | Killed from afar by an orc priest

Illustrated notes

Levels and vault maps discovered:
D:1:      arrival_aquarium_a, layout_rooms, hangedman_decor_peaks_small
D:2:      layout_basic, kennysheep_generic_room_12, uniq_sigmund, uniq_natasha
D:3:      layout_loops_cross, mainiacjoe_overflow_tiny_flanked

Skill      XL: |  1  2  3  4  5 |
---------------+----------------+-----
Armour         | 1 2 |  2.0
Long Blades    | 4 5 |  5.5
Fighting       | |  2.0
Throwing       | |  2.0
Dodging        | |  3.0

Action                     |  1- 3 |  4- 6 || total
---------------------------+-------+-------++-------
  Melee: Long sword        |    60 |    86 ||   146
         Punch             |       |     1 ||     1
  Throw: Javelin           |       |     1 ||     1
    Use: Potion            |     1 |     4 ||     5
   Stab: Sleeping          |     2 |       ||     2
         Invisible         |       |     3 ||     3
 Armour: Leather armour    |    18 |    23 ||    41
  Dodge: Dodged            |    34 |    49 ||    83
